 Dungeon Crawl Stone Soup version 0.27-a0-1572-gacd6f1ce93 (webtiles) character file.

Game seed: 1447728337468687528

128 Lemonice the Skirmisher (level 5, -5/42 HPs)
             Began as a Formicid Abyssal Knight on July 17, 2021.
             Was a Believer of Lugonu.
             Slain by a gnoll (14 damage)
             ... on level 4 of the Dungeon.
             The game lasted 00:05:11 (2855 turns).

Lemonice the Skirmisher (Formicid Abyssal Knight)   Turns: 2855, Time: 00:05:11

Health: -5/42      AC:  4    Str: 17    XL:     5   Next: 33%
Magic:  7/7        EV: 11    Int: 12    God:    Lugonu [**....]
Gold:   163        SH:  0    Dex: 10    Spells: 4/4 levels left

rFire    . . .     SeeInvis +   a - +1 hand axe
rCold    . . .     Faith    .   (no shield)
rNeg     + . .     Spirit   .   b - +0 leather armour
rPois    .         Reflect  .   (helmet unavailable)
rElec    .         Harm     .   (no cloak)
rCorr    .         Rampage  .   r - +0 pair of gloves
Will     .....                  (no boots)
Stlth    +.........             i - amulet of regeneration
HPRegen  1.14/turn              u - ring of positive energy
MPRegen  0.10/turn              (no ring)

@: no status effects
A: permanent stasis, dig shafts and tunnels, antennae 3, four strong arms
a: Dig, Shaft Self, Renounce Religion, Depart the Abyss, Bend Space


You were on level 4 of the Dungeon.
You worshipped Lugonu.
Lugonu was pleased with you.
You visited 1 branch of the dungeon, and saw 4 of its levels.
You visited the Abyss 1 time.

You collected 163 gold pieces.

Inventory:

Hand Weapons
 a - a +1 hand axe (weapon)
Armour
 b - a +0 leather armour (worn)
 r - a +0 pair of gloves (worn)
Jewellery
 e - an amulet of guardian spirit
 i - an amulet of regeneration (around neck)
 s - an amulet of faith
 u - a ring of positive energy (left hand)
Scrolls
 c - 2 scrolls of amnesia {unknown}
 d - 2 scrolls of enchant weapon {unknown}
 f - 2 scrolls of identify {unknown}
 h - 2 scrolls of vulnerability {unknown}
 j - 3 scrolls of teleportation {unknown}
 k - a scroll of magic mapping {unknown}
 m - a scroll of blinking {unknown}
 p - a scroll of noise {unknown}
Potions
 g - a potion of attraction {unknown}
 l - a potion of mutation {unknown}
 n - 3 potions of haste {unknown}
 o - a potion of brilliance {unknown}
 q - 3 potions of lignification {unknown}
 t - a potion of degeneration {unknown}


   Skills:
 + Level 4.0 Fighting
 * Level 3.4 Axes
 + Level 3.1 Armour
 - Level 1.0 Dodging
 + Level 3.4 Invocations


You had 4 spell levels left.
You didn't know any spells.
Your spell library contained the following spells:

 Spells                   Type           Power      Damage    Failure   Level
 Animate Skeleton         Necr           0%         N/A       36%         1
 Pain                     Necr           0%         1d4       36%         1
 Stone Arrow              Conj/Erth      0%         3d7       75%         3
 Vampiric Draining        Necr           0%         2d6       75%         3
 Animate Armour           Summ/Erth      0%         N/A       98%         4
 Lehudib's Crystal Spear  Conj/Erth      0%         10d2      100%        8


Dungeon Overview and Level Annotations

Branches:
Dungeon (4/15)             Temple (0/1) D:4

Altars:
Wu Jian

Shops:
D:4 :


Innate Abilities, Weirdness & Mutations

You cannot be hasted, slowed, berserked, paralysed or teleported.
You can dig through walls and to a lower floor.
You have a pair of large antennae on your head. (SInv)
Your four strong arms can wield two-handed weapons with a shield.


Message History

The hobgoblin hits you but does no damage.
You slash the hobgoblin!
You kill the hobgoblin!
Lugonu accepts your kill.
You now have 163 gold pieces (gained 5).
Things that are here:
a +0 halberd; a gnoll corpse HP restored.
Done exploring.
There is a stone staircase leading down, spattered with blood here.
You climb downwards.
The goblin closely misses you.
There is a stone staircase leading up here.
You closely miss the goblin. The goblin misses you.
You closely miss the goblin. The goblin closely misses you.
A gnoll comes into view. It is wielding a +0 halberd.
You closely miss the goblin.
The gnoll shouts!
The goblin hits you with a +0 club. The goblin barely misses you.
You slash the goblin!
You kill the goblin!
Lugonu accepts your kill.
Things that are here:
a +0 club; a goblin corpse The gnoll closely misses you.
You hit the gnoll but do no damage.
The gnoll hits you with a +0 halberd! x2
You closely miss the gnoll. The gnoll hits you with a +0 halberd!
You hit the gnoll.
The gnoll is moderately wounded.
The gnoll closely misses you.
You hit the gnoll but do no damage.
The gnoll is moderately wounded.
The gnoll barely misses you.
You hit the gnoll.
The gnoll is heavily wounded.
The gnoll hits you with a +0 halberd!
* * * LOW HITPOINT WARNING * * *
You hit the gnoll.
The gnoll is severely wounded.
The gnoll barely misses you. The gnoll hits you with a +0 halberd!
You die...

.# ########.#
#############
.........###...........#
#.......................
#........###.#########.#
#..####.## #.# #.#
#.....)<# #.# #.#
#.####..####.## #.#
#.@......# #.#
#.g.###.># #.#
..#....##..########.#
#.##...##............
#.##...##.#########..
#......##.###### ##..
#.###...............#
#.#####.#
#.###...#####....
#....{..###.###...# ...#


You could see a gnoll.

Vanquished Creatures
  A gnoll (D:3)
  3 adders
  A worm (D:3)
  2 orcs (D:3)
  8 endoplasms
  A giant cockroach (D:3)
  7 goblins
  10 hobgoblins
  4 jackals (D:4)
  13 kobolds
  4 quokkas
  9 ball pythons
  9 bats
  4 frilled lizards
  3 rats
79 creatures vanquished.

Vanquished Creatures (others)
  6 plants (D:2)
6 creatures vanquished.

Grand Total: 85 creatures vanquished

Notes
Turn   | Place    | Note
-------+----------+-------------------------------------------
     0 | Abyss:1  | Lemonice the Formicid Abyssal Knight began the quest for
                  | the Orb.
     0 | Abyss:1  | Reached XP level 1. HP: 18/18 MP: 2/2
    66 | Abyss:1  | Found a corrupted altar of Lugonu.
    84 | D:1      | Escaped the Abyss
   144 | D:1      | Reached * piety under Lugonu
   185 | D:1      | Reached XP level 2. HP: 16/24 MP: 3/3
   298 | D:1      | Reached skill level 1 in Dodging
   587 | D:1      | Reached XP level 3. HP: 27/29 MP: 5/5
   811 | D:2      | Found a faded altar of an unknown god.
  1115 | D:2      | Reached XP level 4. HP: 30/37 MP: 6/6
  1516 | D:2      | Reached ** piety under Lugonu
  1857 | D:3      | Found an ornate altar of the Wu Jian Council.
  2588 | D:4      | Found Astremany's Book Emporium.
  2669 | D:4      | Reached XP level 5. HP: 42/42 MP: 7/7
  2691 | D:4      | Found a staircase to the Ecumenical Temple.
  2710 | D:4      | Reached skill level 4 in Fighting
  2855 | D:4      | Slain by a gnoll

Illustrated notes

Levels and vault maps discovered:
D:1:      scummos_arrival_simple_fountains, layout_rooms,
          chequers_serial_rivers_micro_a
D:2:      layout_loops_ring, hellmonk_ecumenical_altar_blasted,
          lexackson_kobold_supper
D:3:      layout_basic, mainiacjoe_overflow_brackets, kennysheep_generic_room_4
D:4:      layout_loops_ring, minmay_temple_entry_water_ring, serial_shops,
          shop_statue

Skill      XL: |  1  2  3  4  5 |
---------------+----------------+-----
Dodging        | 1 |  1.0
Invocations    | 3 |  3.4
Axes           | 3 |  3.4
Armour         | 3 |  3.1
Fighting       | 4 |  4.0

Action                   |  1- 3 |  4- 6 || total
-------------------------+-------+-------++-------
Melee: Hand axe          |    74 |   108 ||   182
Invok: Depart the Abyss  |     1 |       ||     1
Armor: Leather armour    |    28 |    31 ||    59
Dodge: Dodged            |    68 |    70 ||   138

Table legend: (Time is in decaauts)
 A = Elapsed time spent in this place.
 B = Non-inter-level travel time spent in this place.
 C = Inter-level travel time spent in this place.
 D = Time resting spent in this place.
 E = Time spent auto-exploring this place.
 F = Levels seen in this place.
 G = Mean time per level.
                   A        B        C        D        E       F      G
               +--------+--------+--------+--------+--------+-----+--------+
         Total |   2888 |   2800 |     88 |      0 |   2237 |   5 |  577.6 |
       Dungeon |   2802 |   2714 |     88 |      0 |   2153 |   4 |  700.5 |
         Abyss |     85 |     85 |      0 |      0 |     83 |   1 |   85.0 |
               +--------+--------+--------+--------+--------+-----+--------+

Top non-repeatable levels by time:
     D:3: 917 daAuts
     D:2: 906 daAuts
     D:1: 725 daAuts
     D:4: 252 daAuts
 Abyss:1: 85 daAuts
